 Dungeon Crawl Stone Soup version 0.21-a0-243-g597973d (webtiles) character file.

11 tidbits the Skirmisher (level 2, 8/25 HPs)
             Began as a Demigod Wanderer on Sept 4, 2017.
             Quit the game on level 1 of the Dungeon.
             The game lasted 00:01:02 (121 turns).

tidbits the Skirmisher (Demigod Wanderer)            Turns: 121, Time: 00:01:03

Health: 8/25       AC:  5    Str: 17    XL:     2   Next: 6%
Magic:  4/4        EV: 12    Int: 16    God:
Gold:   0          SH:  0    Dex: 13    Spells: 1/1 levels left

rFire    . . .     SeeInvis .   b - +0 falchion
rCold    . . .     Gourm    .   (no shield)
rNeg     . . .     Faith    .   B - +2 leather armour
rPois    .         Spirit   .   (no helmet)
rElec    .         Reflect  .   (no cloak)
rCorr    .         Harm     .   (no gloves)
MR       .....                  (no boots)
Stlth    +.........             (no amulet)
HPRegen  0.08/turn              (no ring)
MPRegen  0.09/turn              (no ring)

@: no status effects
A: high mp 1
a: no special abilities


You were on level 1 of the Dungeon.
You were not hungry.

You visited 1 branch of the dungeon, and saw 1 of its levels.

Inventory:

Hand Weapons
 b - a +0 falchion (weapon)
Missiles
 e - 25 arrows
Armour
 B - a +2 leather armour (worn)
Scrolls
 c - a scroll of teleportation
Potions
 a - a potion of degeneration {unknown}
Comestibles
 d - a bread ration


   Skills:
 + Level 2.6 Fighting
 - Level 1.7 Long Blades
   Level 1.0 Maces & Flails
 - Level 1.0 Armour
 - Level 1.7 Dodging
 - Level 1.0 Stealth
   Level 1.0 Shields


You had one spell level left.
You didn't know any spells.

Dungeon Overview and Level Annotations

Branches:
Dungeon (1/15)


Innate Abilities, Weirdness & Mutations

You have an increased reservoir of magic. (+10% MP)


Message History

a club; a jackal corpse
a - a pink potion You open the door.
There is an open door here.
Found a shattered altar of Ashenzari.
A dart slug comes into view.
Found 8 gold pieces.
A kobold comes into view. It is wielding a short sword.
The kobold shouts!
You hear a shout!
Found 25 arrows.
A hobgoblin comes into view. It is wielding a club.
The hobgoblin shouts!
The kobold barely misses you.
You riposte.
You slash the kobold!
You kill the kobold!
The dart slug launches a dart at you. The slug dart hits you!
You see here a short sword.
You hit the dart slug.
The dart slug is lightly wounded.
The dart slug closely misses you.
You hit the dart slug but do no damage.
The dart slug is lightly wounded.
The dart slug misses you.
You hit the dart slug but do no damage.
The dart slug is lightly wounded.
You hit the dart slug but do no damage.
The dart slug is lightly wounded.
The dart slug closely misses you. The hobgoblin misses you.
You hit the dart slug.
The dart slug is heavily wounded.
The dart slug barely misses you. The hobgoblin closely misses you.
You riposte.
You barely miss the hobgoblin. You hit the dart slug.
The dart slug is heavily wounded.
The dart slug bites you.
* * * LOW HITPOINT WARNING * * *
The hobgoblin hits you but does no damage.
You hit the hobgoblin.
The hobgoblin is heavily wounded.
The hobgoblin hits you but does no damage.
The dart slug bites you but does no damage.
You hit the hobgoblin but do no damage.
The hobgoblin is heavily wounded.
The hobgoblin hits you but does no damage.
The dart slug closely misses you.
You hit the dart slug.
You kill the dart slug!
The hobgoblin misses you.
You barely miss the hobgoblin.
The hobgoblin is heavily wounded.
The hobgoblin hits you but does no damage.
You closely miss the hobgoblin.
The hobgoblin is heavily wounded.
The hobgoblin hits you but does no damage.
You hit the hobgoblin but do no damage.
The hobgoblin is heavily wounded.
The hobgoblin barely misses you.
You barely miss the hobgoblin.
The hobgoblin is heavily wounded.
The hobgoblin closely misses you.
You riposte.
You closely miss the hobgoblin.
The hobgoblin is heavily wounded.
The hobgoblin hits you with a club.
* * * LOW HITPOINT WARNING * * *
You barely miss the hobgoblin.
The hobgoblin is heavily wounded.
The hobgoblin barely misses you.
You hit the hobgoblin.
The hobgoblin is severely wounded.
The hobgoblin hits you with a club.
* * * LOW HITPOINT WARNING * * *
You barely miss the hobgoblin.
The hobgoblin is severely wounded.
The hobgoblin barely misses you.
You hit the hobgoblin.
You kill the hobgoblin!
You have reached level 2!
Things that are here:
a club; a hobgoblin corpse You see here 25 arrows.
e - 25 arrows A bat comes into view.
The bat closely misses you. The bat barely misses you.
You are too injured to fight recklessly!
You are too injured to fight recklessly!
You are too injured to fight recklessly!
You are too injured to fight recklessly!
You hit the bat.
The bat is heavily wounded.
The bat hits you but does no damage. The bat closely misses you.
You miss the bat.
The bat is heavily wounded.
The bat closely misses you.
You hit the bat.
You kill the bat!
You open the door.
There is an open door here.
Found 24 sling bullets.
Are you sure you want to abandon this character and quit the game? (Confirm with "yes".)

#.(...............
#####.............
#..............
#..............
#.........####
#.............
#.........##
#.........#
#......@..#
###########


There were no monsters in sight!

Vanquished Creatures
  A dart slug (D:1)
  A bat (D:1)
  2 hobgoblins (D:1)
  3 jackals (D:1)
  A kobold (D:1)
8 creatures vanquished.

Notes
Turn   | Place    | Note
-------+----------+-------------------------------------------
     0 | D:1      | tidbits the Demigod Wanderer began the quest for the Orb.
     0 | D:1      | tidbits set off with: a +2 leather armour, a +0 falchion, a scroll of teleportation, a bread ration
     0 | D:1      | Reached XP level 1. HP: 17/17 MP: 3/3
    31 | D:1      | Reached skill level 2 in Fighting
    54 | D:1      | Found a shattered altar of Ashenzari.
    78 | D:1      | Reached XP level 2. HP: 4/25 MP: 4/4
   121 | D:1      | Quit the game

Vault maps used:
D:1:      lightli_arrival_flooded_house, nicolae_ashenzari_panopticon

Skill      XL: |  1 |
---------------+----+-----
Fighting       | 2 |  2.6
Long Blades    | |  1.7
Maces & Flails | |  1.0
Armour         | |  1.0
Dodging        | |  1.7
Stealth        | |  1.0
Shields        | |  1.0

Action                   || total
-------------------------++-------
Melee: Falchion          ||    44
Armor: Leather armour    ||    17
Dodge: Dodged            ||    35
       Rpst.: Falchion   ||     9

Table legend:
 A = Spawn XP
 B = Non-spawn XP
 C = Spawn XP percentage of total XP
 D = Spawn monster count
 E = Non-spawn monster count
 F = Spawn count percentage of total count
 G = Total turns spent on level
                    A         B        C        D         E        F      G
               +---------+---------+-------+---------+---------+-------+---------
         Total |       0 |      17 |   0.0 |       0 |       8 |   0.0 |   121
               +---------+---------+-------+---------+---------+-------+---------
           D:1 |       0 |      17 |   0.0 |       0 |       8 |   0.0 |   121
               +---------+---------+-------+---------+---------+-------+---------

Table legend:
 A = Turns spent in this place as a percentage of turns spent in the entire game.
 B = Non-inter-level travel turns spent in this place as a percentage of non-inter-level travel turns spent in the entire game.
 C = Inter-level travel turns spent in this place as a percentage of turns spent in this place.
 D = Turns resting spent in this place as a percentage of non-inter-level travel turns spent in this place.
 E = Turns spent auto-exploring this place as a percentage of non-inter-level travel turns spent in this place.
 F = Non-inter-level travel turns spent in this place divided by the number of levels of this place that you've seen.
                   A       B       C       D       E      F
               +-------+-------+-------+-------+-------+----------------------
         Total | 100.0 | 100.0 |   0.0 |   0.0 |   0.0 | 121.0
       Dungeon | 100.0 | 100.0 |   0.0 |   0.0 |   0.0 | 121.0
               +-------+-------+-------+-------+-------+----------------------

Table legend:
 A = Kills in this place as a percentage of kills in entire the game.
 B = Kills by you in this place as a percentage of kills by you in the entire game.
 C = Kills by friends in this place as a percentage of kills by friends in the entire game.
 D = Other kills in this place as a percentage of other kills in the entire game.
 E = Experience gained in this place as a percentage of experience gained in the entire game.
 F = Experience gained in this place divided by the number of levels of this place that you have seen.
                   A       B       C       D       E      F
               +-------+-------+-------+-------+-------+----------------------
         Total | 100.0 | 100.0 |   N/A |   N/A | 100.0 |  17.0
       Dungeon | 100.0 | 100.0 |   N/A |   N/A | 100.0 |  17.0
               +-------+-------+-------+-------+-------+----------------------

Vault maps used:
D:1:      lightli_arrival_flooded_house, nicolae_ashenzari_panopticon
